Map: Costas tropicales

Players

MrFercho - Winner!

  • Race: Protoss Protoss
  • Spawn Location: 5:00

tigro

  • Race: Protoss Protoss
  • Spawn Location: 0:00

VOD

Have the link to the VOD?

Description

Time

  • Played on: April 25, 2020, 8:49 p.m.
  • Length: 43:17
Show
View Real Time Build Order
Export as new Build Order

MrFercho Protoss - Winner!

Build Orders:  

Get SALT Encoding   

  12  0:19  Pylon  
  12  0:56  Assimilator  
  12  1:06  Assimilator  
  12  1:13  Pylon  
  12  1:17  Pylon  
  12  1:18  Probe  
  13  1:30  Probe  
  14  1:41  Forge  
  14  1:42  Probe (Chrono Boost)  
  15  1:51  Gateway  
  15  1:52  Probe (Chrono Boost)  
  16  1:57  Probe (Chrono Boost)  
  17  2:35  Photon Cannon  
  17  2:37  Photon Cannon  
  17  2:53  Probe  
  17  2:57  Nexus  
  18  3:05  Probe  
  18  3:09  Protoss Shields Level 1  
  19  3:18  Probe  
  20  3:25  Pylon  
  20  3:30  Probe  
  20  3:31  Pylon  
  21  4:13  Cybernetics Core  
  21  4:18  Probe  
  21  4:22  Probe  
  23  4:30  Probe  
  24  4:34  Probe  
  25  4:40  Zealot  
  25  4:42  Probe  
  28  4:46  Probe  
  29  4:54  Probe  
  29  4:58  Probe  
  31  5:06  Probe  
  32  5:07  Zealot  
  32  5:10  Probe  
  35  5:17  Twilight Council  
  35  5:20  Robotics Facility  
  35  5:24  Stargate  
  35  6:00  Protoss Ground Weapons Level 1  
  35  6:15  Warp Gate  
  35  6:32  Fleet Beacon  
  33  7:29  Probe  
  34  7:37  Probe  
  34  7:41  Probe  
  36  7:49  Probe  
  37  7:53  Probe  
  37  7:56  Nexus  
  38  8:01  Probe  
  38  8:04  Nexus  
  39  8:05  Probe  
  40  8:13  Probe  
  40  8:17  Probe  
  42  8:24  Nexus  
  42  8:25  Probe  
  43  8:30  Nexus  
  43  8:34  Nexus  
  43  8:38  Assimilator  
  43  8:42  Assimilator  
  43  8:48  Assimilator  
  43  8:49  Robotics Bay  
  43  8:53  Assimilator  
  43  8:56  Dark Shrine  
  43  8:58  Assimilator  
  43  9:04  Assimilator  
  43  9:12  Assimilator  
  43  9:18  Assimilator  
  43  9:23  Assimilator  
  43  9:27  Pylon  
  43  9:28  Assimilator  
  43  9:29  Pylon  
  43  9:33  Assimilator, Pylon  
  43  9:36  Pylon  
  43  9:38  Assimilator  
  43  9:40  Pylon  
  43  9:44  Pylon  
  43  9:46  Pylon  
  43  9:50  Pylon  
  43  9:54  Pylon  
  43  9:57  Pylon  
  43  10:00  Pylon  
  43  10:05  Pylon  
  43  10:07  Pylon  
  43  10:12  Pylon  
  43  10:17  Probe x7  
  50  10:29  Probe x7  
  57  10:41  Probe x4  
  57  10:42  Probe x3  
  64  10:53  Probe x2  
  64  10:54  Probe x3  
  69  11:35  Stargate  
  69  11:37  Stargate  
  69  11:38  Stargate  
  69  11:39  Stargate  
  69  11:43  Stargate  
  69  11:45  Stargate  
  69  11:46  Stargate  
  69  11:47  Stargate  
  69  12:01  Photon Cannon  
  69  12:03  Photon Cannon  
  69  12:05  Photon Cannon  
  69  12:07  Photon Cannon  
  69  12:09  Photon Cannon  
  69  12:10  Photon Cannon  
  69  12:11  Photon Cannon  
  69  12:13  Photon Cannon  
  69  12:14  Photon Cannon  
  69  12:16  Photon Cannon x2  
  69  12:19  Photon Cannon  
  69  12:20  Photon Cannon  
  69  12:22  Photon Cannon  
  69  12:24  Photon Cannon x2  
  69  12:51  Probe  
  69  12:52  Probe x6  
  76  13:04  Probe x7  
  83  13:16  Probe x7  
  90  13:28  Protoss Ground Armor Level 1, Probe x6  
  90  13:29  Probe  
  97  13:36  Zealot  
  97  13:40  Mothership  
  107  14:43  Zealot  
  109  15:02  Shadow Stride  
  109  15:36  Protoss Shields Level 2  
  109  15:44  Templar Archives  
  109  15:54  Protoss Air Weapons Level 1  
  109  15:56  Colossus  
  115  16:07  Resonating Glaives  
  115  16:27  Dark Templar  
  117  17:18  High Templar  
  119  17:47  Blink  
  119  17:57  High Templar, Observer  
  122  18:02  Protoss Air Armor Level 1  
  122  18:05  Extended Thermal Lance  
  122  18:10  Protoss Ground Weapons Level 2  
  122  18:19  Psionic Storm  
  122  18:37  Dark Templar  
  124  18:58  Archon  
  124  19:45  Gravitic Drive  
  124  19:48  Charge  
  123  20:14  Protoss Air Weapons Level 2  
  123  20:27  Anion Pulse-Crystals  
  123  20:35  Observer  
  124  20:42  Gravitic Boosters  
  124  20:43  Void Ray (Chrono Boost), Protoss Ground Armor Level 2  
  124  20:44  Void Ray x6 (Chrono Boost)  
  124  20:45  Void Ray x2 (Chrono Boost)  
  160  21:18  Void Ray  
  160  21:19  Void Ray x8  
  196  21:31  Unknown  
  196  22:01  Void Ray  
  200  25:28  Protoss Ground Weapons Level 3  
  200  25:53  Protoss Air Weapons Level 3  
  124  26:19  Tempest x3  
  124  26:20  Void Ray, Tempest x3  
  124  26:21  Void Ray x2  
  166  27:02  Void Ray x4  
  166  27:03  Void Ray x2, Tempest x2  
  200  28:27  Protoss Ground Armor Level 3  
  200  28:47  Protoss Air Armor Level 2 (Chrono Boost)  
  116  29:53  Tempest x2  
  116  29:54  Tempest x5  
  116  29:55  Tempest x2  
  161  30:36  Tempest x3  
  161  30:37  Void Ray, Tempest x4  
  178  31:16  Mothership  
  186  31:18  Protoss Air Armor Level 3  
  186  31:19  Void Ray x3  
  186  31:25  Protoss Shields Level 3  
  198  32:00  Pylon  
  198  32:01  Pylon x2  
  198  32:04  Pylon x2  
  198  32:06  Pylon  
  198  32:07  Pylon  
  198  32:08  Pylon  
  198  32:10  Pylon  
  198  32:11  Pylon  
  198  32:12  Pylon  
  198  32:15  Pylon x2  
  198  32:16  Pylon  
  198  32:17  Pylon  
  198  32:20  Pylon  
  198  32:50  Photon Cannon  
  198  32:52  Photon Cannon  
  198  32:53  Photon Cannon  
  198  32:54  Photon Cannon  
  198  32:55  Photon Cannon x2  
  198  32:56  Photon Cannon  
  198  32:58  Photon Cannon  
  198  32:59  Photon Cannon  
  198  33:02  Photon Cannon x2  
  198  33:03  Photon Cannon  
  198  33:05  Photon Cannon  
  198  33:06  Photon Cannon  
  198  33:07  Photon Cannon  
  198  33:12  Photon Cannon  
  198  33:13  Photon Cannon  
  198  33:15  Photon Cannon  
  198  33:17  Photon Cannon  
  198  33:21  Photon Cannon  
  198  33:25  Photon Cannon  
  198  33:27  Photon Cannon x2  
  198  33:29  Photon Cannon  
  198  33:30  Photon Cannon  
  198  33:32  Photon Cannon x2  
  198  33:33  Photon Cannon  
  198  33:34  Photon Cannon  
  198  33:35  Photon Cannon  
  198  33:37  Photon Cannon x2  
  198  33:39  Photon Cannon  
  198  33:42  Photon Cannon  
  198  33:50  Photon Cannon  
  198  33:51  Photon Cannon  
  198  33:53  Photon Cannon  
  198  33:54  Photon Cannon  
  198  33:56  Photon Cannon  
  163  40:06  Void Ray x2  
  171  40:07  Void Ray x4  
  171  40:08  Void Ray x3  
Show
View Real Time Build Order
Export as new Build Order

tigro Protoss 

Build Orders:  

Get SALT Encoding   

  12  0:04  Probe  
  13  0:29  Pylon  
  13  0:31  Probe  
  14  0:43  Probe  
  15  0:52  Assimilator  
  15  1:07  Forge  
  15  1:17  Pylon  
  15  1:22  Probe  
  16  1:30  Assimilator  
  16  1:34  Probe  
  17  1:46  Probe  
  18  1:48  Gateway  
  18  1:58  Probe  
  19  2:10  Probe  
  19  2:12  Protoss Ground Weapons Level 1  
  21  2:22  Probe  
  21  2:35  Probe, Nexus  
  22  2:47  Probe  
  23  2:59  Probe  
  24  3:22  Pylon  
  24  3:23  Pylon  
  24  4:03  Pylon  
  24  4:11  Photon Cannon  
  24  4:19  Photon Cannon  
  24  4:21  Protoss Ground Armor Level 1, Photon Cannon  
  24  4:26  Photon Cannon  
  24  4:30  Probe  
  25  4:41  Assimilator  
  25  4:42  Probe  
  26  4:52  Cybernetics Core  
  26  4:54  Probe  
  27  5:02  Assimilator  
  27  5:06  Probe  
  28  5:18  Probe  
  29  5:30  Probe  
  30  5:42  Probe  
  31  5:54  Pylon, Probe  
  32  6:06  Probe  
  33  6:19  Probe  
  34  6:30  Stalker  
  34  6:31  Probe  
  37  6:41  Pylon  
  37  6:42  Protoss Shields Level 1  
  37  6:43  Probe  
  38  6:55  Protoss Air Weapons Level 1  
  38  7:00  Stalker  
  40  7:19  Stargate  
  40  7:30  Stalker  
  42  7:49  Photon Cannon  
  42  7:51  Photon Cannon  
  42  7:54  Photon Cannon  
  42  7:56  Photon Cannon  
  42  7:59  Photon Cannon  
  42  8:00  Stalker  
  44  8:07  Photon Cannon  
  44  8:29  Pylon  
  44  8:30  Stalker  
  46  9:04  Protoss Air Armor Level 1  
  46  9:08  Twilight Council  
  46  9:33  Pylon  
  46  9:42  Pylon  
  46  9:45  Pylon  
  46  9:49  Pylon  
  46  10:00  Pylon  
  46  10:14  Pylon  
  46  10:23  Photon Cannon  
  46  10:29  Photon Cannon  
  46  10:40  Photon Cannon  
  46  10:45  Charge  
  46  11:28  Photon Cannon  
  46  11:29  Robotics Facility  
  46  12:06  Photon Cannon  
  46  12:08  Photon Cannon  
  46  12:10  Photon Cannon  
  46  12:12  Photon Cannon  
  46  12:13  Photon Cannon  
  46  12:15  Photon Cannon  
  46  12:17  Photon Cannon  
  46  12:19  Photon Cannon  
  46  12:21  Photon Cannon  
  46  12:23  Photon Cannon  
  46  12:25  Photon Cannon  
  46  12:26  Fleet Beacon, Blink  
  46  12:27  Photon Cannon  
  46  12:28  Photon Cannon  
  46  12:30  Photon Cannon  
  46  12:31  Photon Cannon  
  46  12:38  Pylon  
  46  12:49  Photon Cannon  
  46  13:08  Pylon  
  46  13:18  Photon Cannon  
  46  13:29  Anion Pulse-Crystals  
  46  13:32  Carrier  
  52  13:38  Protoss Air Weapons Level 2  
  52  14:00  Nexus  
  52  14:26  Resonating Glaives  
  52  14:33  Unknown  
  52  14:36  Carrier  
  58  14:49  Gateway  
  58  15:28  Protoss Ground Weapons Level 2  
  58  15:34  Templar Archives  
  58  15:40  Carrier  
  64  15:59  Assimilator  
  64  16:11  Protoss Air Armor Level 2  
  64  16:32  Photon Cannon  
  64  16:36  Psionic Storm  
  64  16:55  Photon Cannon  
  64  17:08  Assimilator  
  64  17:28  Pylon  
  64  17:47  Photon Cannon  
  64  17:55  Pylon  
  64  18:01  Protoss Ground Armor Level 2  
  64  18:11  Pylon  
  64  18:12  Photon Cannon  
  64  18:20  Carrier  
  70  18:27  Warp Gate  
  70  18:34  Photon Cannon  
  70  18:59  Photon Cannon  
  70  19:01  High Templar  
  72  19:25  Carrier  
  78  19:40  High Templar  
  78  19:42  Robotics Bay  
  78  19:44  Photon Cannon  
  80  19:48  Photon Cannon  
  80  20:02  Photon Cannon  
  80  20:04  Photon Cannon  
  80  20:06  Photon Cannon  
  80  20:09  Photon Cannon  
  80  20:11  Photon Cannon  
  80  20:13  Photon Cannon  
  80  20:18  Photon Cannon  
  80  20:19  High Templar  
  82  20:29  Carrier  
  82  20:35  Protoss Shields Level 2  
  88  20:58  Dark Shrine, High Templar  
  90  21:14  Nexus  
  90  21:30  Pylon  
  90  21:33  Carrier  
  90  21:38  High Templar  
  98  21:58  Archon  
  98  22:35  Photon Cannon  
  98  22:37  Carrier  
  104  22:52  Photon Cannon  
  104  23:25  Archon  
  104  23:45  Pylon  
  104  23:52  Probe  
  105  24:04  Probe  
  105  24:05  Shadow Stride  
  106  24:16  Probe  
  107  24:28  Probe  
  108  24:41  Probe  
  109  24:50  Protoss Air Weapons Level 3  
  115  24:52  Carrier  
  115  25:15  Pylon  
  115  25:25  Pylon  
  115  25:39  Photon Cannon  
  115  25:55  Stargate  
  115  25:57  Carrier  
  105  26:52  Pylon  
  105  27:01  Carrier  
  111  27:18  Photon Cannon  
  111  27:26  Photon Cannon  
  111  27:34  Photon Cannon  
  111  27:35  Photon Cannon  
  111  27:41  Photon Cannon  
  111  27:43  Photon Cannon  
  111  27:45  Photon Cannon, Pylon  
  111  27:48  Protoss Air Armor Level 3  
  111  27:49  Photon Cannon  
  111  27:51  Photon Cannon  
  111  27:59  Carrier  
  111  28:03  Photon Cannon  
  111  28:05  Photon Cannon, Carrier  
  123  28:22  Photon Cannon  
  123  28:29  Photon Cannon  
  123  28:41  Photon Cannon  
  123  28:57  Pylon  
  123  29:03  Carrier  
  123  29:09  Carrier  
  135  29:22  Photon Cannon  
  101  30:07  Carrier  
  101  30:09  Photon Cannon  
  107  30:26  Pylon  
  107  30:37  Pylon  
  107  30:40  Pylon  
  107  30:47  Carrier  
  113  31:03  Photon Cannon  
  113  31:07  Photon Cannon  
  113  31:12  Carrier  
  113  31:13  Photon Cannon  
  113  31:15  Photon Cannon  
  113  31:17  Photon Cannon  
  119  31:19  Photon Cannon  
  119  31:20  Photon Cannon  
  119  31:22  Photon Cannon  
  119  31:24  Photon Cannon  
  119  31:25  Photon Cannon  
  119  31:26  Photon Cannon  
  119  31:29  Photon Cannon  
  119  31:30  Photon Cannon  
  119  31:51  Photon Cannon, Carrier  
  125  32:16  Carrier  
  125  32:21  Photon Cannon  
  131  32:42  Pylon  
  131  32:56  Carrier  
  137  33:15  Photon Cannon  
  137  33:18  Photon Cannon  
  137  33:50  Assimilator  
  137  33:59  Assimilator  
  137  34:00  Carrier  
  143  34:04  Photon Cannon  
  47  36:09  Stalker  
  51  36:40  Forge  
  35  37:17  Photon Cannon  
  31  37:45  Forge  
  31  38:18  Pylon  
  31  38:38  Photon Cannon  
  30  38:54  Photon Cannon  
  14  40:21  Probe  
  3  40:33  Probe  
  3  40:47  Forge  
  3  40:54  Pylon  
  2  41:22  Gateway  
  2  41:33  Pylon  
Tags
 
Matchup
PvP
Replay Pack
MrFercho
Add a new tag
Caveats
  • Supply blocks, unpowered buildings, or Contaminate may cause inaccurate times.
  • Supply counts are checked every 10 seconds.